AoeStats
← Lord_Wilfredo

Arena

508131820Analyzed
4v4 RM · 12d ago on Sep 21, 2026· 61m 54s· 8 players
Game mode
Random Map
Map size
Large (8 player)
Population
200
Speed
Normal
Resources
Standard
Victory
Conquest
Starting age
Dark Age
Ending age
Imperial Age
RankedLock teamsTeams togetherTeam positionsShared explorationLock speedFull tech treeHidden civsTurbo modeCheats
Victory
Defeat
🇧🇷 Wei · Brazil
1513
+8
🇧🇷 Cumans · Brazil
1296
+16
🇧🇷 Franks · Brazil
1269
+17
🇧🇷 Britons · Brazil
1258
+18
🇦🇷 Franks · Argentina
1357
-17
🇧🇷 Sicilians · Brazil
1327
-16
🇦🇷 Mapuche · Argentina
1276
-13
🇧🇷 Khmer · Brazil
1274
-13
[Massa] Riacho Molhado
10:17 Feudal Age
11:50 Double-Bit Axe
14:23 Castle Age
12:38 Horse Collar
13:09 Gold Mining
13:34 Stone Mining
16:01 Loom
20:56 Fletching
22:19 Bodkin Arrow
25:09 Ballistics
25:40 Wheelbarrow
25:33 Padded Archer Armor
30:38 Imperial Age
28:52 Bow Saw
29:51 Fervor
30:01 Sanctity
30:17 Leather Archer Armor
31:08 Heavy Plow
31:44 Gold Shaft Mining
31:43 Conscription
33:09 Warwolf
34:41 Bracer
35:19 Murder Holes
37:17 Chemistry
36:23 Siege Engineers
36:55 Yeomen
38:44 Ring Archer Armor
39:19 Two-Man Saw
38:28 Elite Longbowman
40:04 Hand Cart
40:06 Town Watch
42:33 Masonry
42:04 Treadmill Crane
42:45 Shipwright
43:04 Hoardings
58:18 Architecture
59:21 Spies/Treason
LukaZ17
11:45 Feudal Age
13:02 Wheelbarrow
16:19 Castle Age
14:18 Double-Bit Axe
17:52 Scale Barding Armor
19:44 Husbandry
22:01 Loom
23:11 Chain Barding Armor
24:05 Devotion
27:43 Bow Saw
32:51 Forging
32:48 Gold Mining
33:03 Stone Mining
47:18 Iron Casting
48:46 #83
51:39 Squires
51:24 Arson
52:05 Scale Mail Armor
56:42 Hand Cart
57:06 Gold Shaft Mining
[MassA]Azrael
7:01 Loom
8:58 Feudal Age
15:25 Fletching
17:53 Double-Bit Axe
33:29 Horse Collar
37:24 Castle Age
36:20 Man-at-Arms
37:37 Long Swordsman
38:18 Squires
39:28 Scale Mail Armor
43:19 Forging
44:50 Chain Mail Armor
46:22 Wheelbarrow
46:28 Iron Casting
46:14 Arson
48:38 Hand Cart
51:38 Imperial Age
49:57 Capped Ram
52:13 Scale Barding Armor
52:44 Bloodlines
52:00 Two-Handed Swordsman
52:28 Light Cavalry
52:58 Champion
54:11 Plate Mail Armor
54:00 Siege Ram
54:05 Onager
56:13 Town Watch
60:16 Blast Furnace
tg
11:09 Feudal Age
12:27 Double-Bit Axe
12:23 Horse Collar
15:05 Castle Age
14:58 Gold Mining
14:58 Stone Mining
16:24 Heavy Plow
19:36 Bow Saw
20:29 Wheelbarrow
22:43 Hand Cart
26:25 Gold Shaft Mining
26:30 Stone Shaft Mining
28:57 Imperial Age
26:15 Loom
26:58 Scale Barding Armor
27:01 Husbandry
27:11 Bloodlines
28:00 Chain Barding Armor
28:26 Treadmill Crane
31:18 Forging
31:50 Coinage
32:27 Ming Guang Armor
32:04 Tuntian
32:24 Conscription
32:02 Light Cavalry
33:18 Iron Casting
32:26 Elite Tiger Cavalry
34:23 Crop Rotation
35:00 Blast Furnace
36:51 Hoardings
38:12 Chemistry
37:24 Masonry
37:24 Murder Holes
40:39 Banking
41:33 Fletching
42:00 Pikeman
42:40 Squires
42:42 Scale Mail Armor
43:50 Ballistics
43:26 Bodkin Arrow
43:47 Chain Mail Armor
45:56 Arson
46:12 Bracer
46:09 Capped Ram
48:00 Halberdier
51:05 Padded Archer Armor
51:20 Siege Ram
52:25 Hussar
53:15 Thumb Ring
53:28 Leather Archer Armor
53:50 Parthian Tactics
54:18 Heavy Hei Guang Cavalry
55:32 Ring Archer Armor
58:51 Spies/Treason
60:37 Town Watch
60:30 Heavy Hei Guang Cavalry
seba_aof
12:26 Feudal Age
15:28 Double-Bit Axe
15:24 Horse Collar
18:06 Castle Age
16:06 Stone Mining
16:08 Gold Mining
18:51 Loom
22:36 Fletching
37:06 Wheelbarrow
36:45 Pikeman
39:10 Scale Mail Armor
41:45 Chain Mail Armor
42:45 Heavy Plow
48:08 Bodkin Arrow
48:29 Padded Archer Armor
49:00 Town Watch
49:49 Forging
51:59 Leather Archer Armor
51:48 Elite Skirmisher
LmC_Mr.Brown 2001
7:04 Loom
9:23 Feudal Age
14:38 Horse Collar
17:09 Fletching
25:02 Gold Mining
25:44 Forging
27:45 Scale Mail Armor
28:49 Arson
35:10 Wheelbarrow
37:58 Castle Age
38:02 Pikeman
39:20 Iron Casting
38:31 Double-Bit Axe
40:24 Chain Mail Armor
41:22 Bow Saw
44:40 Squires
44:26 Gambesons
45:32 First Crusade
51:09 Imperial Age
51:23 Imperial Age
49:36 Hand Cart
MK_Ultra
12:06 Feudal Age
16:01 Castle Age
14:13 Double-Bit Axe
15:16 Horse Collar
16:13 Wheelbarrow
17:12 Bow Saw
21:35 Gold Mining
23:51 Gold Shaft Mining
23:28 Heavy Plow
28:26 Imperial Age
25:57 Stone Mining
27:19 Hand Cart
27:29 Ballistics
27:16 Loom
27:17 Town Watch
28:12 Stone Shaft Mining
29:50 Crop Rotation
29:07 Heavy Scorpion
31:21 Chemistry
31:16 Double Crossbow
31:42 Pikeman
32:58 Conscription
36:17 Light Cavalry
37:07 Bloodlines
39:15 Halberdier
43:46 Forging
44:43 Fletching
45:03 Padded Archer Armor
44:50 Crossbowman
44:56 Elite Skirmisher
45:33 Bodkin Arrow
48:32 Siege Engineers
51:22 Iron Casting
50:48 Scale Mail Armor
Lord_Wilfredo
10:18 Feudal Age
14:25 Castle Age
13:16 Double-Bit Axe
15:56 Loom
19:07 Town Watch
21:41 Bow Saw
23:57 Wheelbarrow
24:06 Fletching
28:26 Imperial Age
26:57 Hand Cart
27:21 Scale Barding Armor
27:48 Gold Mining
28:48 Chain Barding Armor
29:31 Husbandry
29:27 Cavalier
30:09 Padded Archer Armor
30:37 Capped Ram
33:43 Gold Shaft Mining
34:25 Leather Archer Armor
34:54 Plate Barding Armor
34:43 #83
34:50 Conscription
36:20 Forging
36:22 Elite Skirmisher
38:18 Bodkin Arrow
38:59 Iron Casting
39:01 Plate Barding Armor
40:48 Paladin
Connection lost

Rejoining the realm…

Still unreachable

The connection could not be restored.

Session expired

The server has moved on; the page needs a fresh start.